 Dungeon Crawl Stone Soup version 0.31-a0-656-gb4d89c20fa (webtiles) character file.

Game seed: 9095394935568002906

1311 inmateoo the Caller (level 8, -3/55 HPs)
             Began as a Demonspawn Summoner on Aug 30, 2023.
             Was a Believer of Hepliaklqana.
             Slain by an orc warrior
             ... wielding a +2 heavy battleaxe
              (31 damage)
             ... on level 6 of the Dungeon.
             The game lasted 00:10:06 (4835 turns).

inmateoo the Caller (Demonspawn Summoner)           Turns: 4835, Time: 00:10:06

Health: -3/55      AC:  6    Str:  9    XL:     8   Next: 32%
Magic:  3/13       EV: 13    Int: 18    God:    Hepliaklqana [**....]
Gold:   400        SH:  8    Dex: 14    Spells: 4/14 levels left

rFire   + .          .
                       - Unarmed
rCold   . . .        (no shield)
rNeg    . . .        a - +0 robe
rPois   .            (no helmet)
rElec   .            (no cloak)
rCorr   .            i - +2 pair of gloves
SInv    .            s - +0 pair of boots
Will    .....        (no amulet)
Stlth   ++           n - ring of protection from fire
HPRegen 0.29/turn    (no ring)
MPRegen 0.13/turn

%: no passive effects
@: no status effects
A: reduced essence, hooves 2, large bone plates 1, spiny 1, condensation shield
a: Renounce Religion, Recall Ancestor, Ancestor Identity


You were on level 6 of the Dungeon.
You worshipped Hepliaklqana.
Hepliaklqana was pleased with you.
You visited 2 branches of the dungeon, and saw 9 of its levels.

You collected 400 gold pieces.

Inventory:

Missiles
 q - a throwing net
 t - 4 curare-tipped darts
Armour
 a - a +0 robe (worn)
 i - a +2 pair of gloves (worn)
 s - a +0 pair of boots (worn)
Jewellery
 h - a ring of fire
 n - a ring of protection from fire (left hand)
Scrolls
 d - 2 scrolls of summoning
 e - 2 scrolls of amnesia
 g - a scroll of enchant armour
 m - a scroll of poison {unknown}
 o - a scroll of teleportation {unknown}
 p - a scroll of identify
 r - a scroll of blinking {unknown}
Potions
 b - 2 potions of magic
 c - 3 potions of curing
 f - a potion of resistance
 j - a potion of might
 k - a potion of heal wounds
 l - a potion of brilliance


   Skills:
 + Level 5.2 Fighting
 + Level 3.6 Dodging
 - Level 1.7 Stealth
 + Level 4.5 Unarmed Combat
 + Level 3.7 Spellcasting
 + Level 5.5 Summonings
 + Level 1.9 Air Magic


You had 4 spell levels left.
You knew the following spells:

 Your Spells              Type           Power      Damage    Failure   Level
a - Summon Small Mammal   Summ           92%        N/A       1%          1
b - Call Imp              Summ           46%        N/A       2%          2
c - Call Canine Familiar  Summ           23%        N/A       4%          3
d - Summon Lightning Spi  Summ/Air       16%        N/A       32%         4

Your spell library contained the following spells:

 Spells                   Type           Power      Damage    Failure   Level
 Summon Guardian Golem    Hex/Summ       13%        N/A       14%         3
 Apportation              Tloc           6%         N/A       16%         1
 Necrotise                Necr           12%        1d4       16%         1
 Slow                     Hex            12%        N/A       16%         1
 Ensorcelled Hibernation  Hex/Ice        6%         N/A       22%         2
 Passwall                 Tmut/Erth      2%         N/A       22%         2
 Swiftness                Air            10%        N/A       22%         3
 Confusing Touch          Hex            3%         N/A       41%         3
 Vampiric Draining        Necr           3%         2d6       41%         3


Dungeon Overview and Level Annotations

Branches:
Dungeon (8/15)             Temple (1/1) D:4
   Lair: D:8-11

Altars:
Dithmenos
Fedhas
Gozag
Hepliaklqana
Makhleb
Nemelex Xobeh
Okawaru
Qazlal
Ru
Sif Muna
Trog
Uskayaw
Vehumet
Wu Jian
Xom
Yredelemnul

Shops:
D:3 :[   D:7 (   D:8 *

Annotations:
D:8 Gastronok


Innate Abilities, Weirdness & Mutations

Your life essence is reduced to manifest your ancestor. (-10% HP)
You have hoof-like feet.
You are partially covered in large bone plates. (SH +4)
You are partially covered in sharp spines.
A meltable shield of frost defends you. (SH +4)


Message History

The orc warrior misses you.
The orc warrior hits your hound with a +2 heavy battleaxe.
Sofian blocks the orc warrior's attack.
The orc barely misses Sofian.
Your hound bites the orc warrior.
Casting: Call Canine Familiar (dangerous; 4% risk of failure)
Confirm with . or Enter, or press ? or * to list all spells.
A tiny devil pulls itself out of the air.
Your hound barely misses the orc warrior.
Sofian hits the orc warrior but does no damage.
Sofian blocks the orc's attack.
The orc warrior hits you with a +2 heavy battleaxe!!
Ouch! That really hurt!
The orc warrior hits Sofian with a +2 heavy battleaxe!!
The orc warrior hits your hound with a +2 heavy battleaxe!
Your hound dies!
Your hound's corpse disappears in a puff of smoke!
You swap places.
The orc closely misses Sofian.
Sofian hits the orc warrior with a +0 flail!
Your cerulean imp hits the orc warrior but does no damage.
Casting: Call Imp (safe; 2% risk of failure)
Confirm with . or Enter, or press ? or * to list all spells.
The orc warrior hits your cerulean imp with a +2 heavy battleaxe!!
Your cerulean imp dies!
Your cerulean imp disappears in a puff of smoke!
The orc warrior completely misses your hound.
The orc warrior completely misses Sofian.
Sofian blocks the orc's attack.
Casting: Call Canine Familiar (dangerous; 4% risk of failure)
Confirm with . or Enter, or press ? or * to list all spells.
A tiny devil pulls itself out of the air.
Sofian barely misses the orc.
The orc closely misses Sofian.
The orc closely misses your hound.
Your hound bites the orc warrior but does no damage.
Sofian blocks the orc's attack.
You hit the orc warrior but do no damage.
The orc warrior is heavily wounded.
The orc hits Sofian but does no damage. x2; Sofian closely misses the orc.
The orc warrior hits you with a +2 heavy battleaxe!!
Ouch! That really hurt!
You die...

...#.#..>...?...
..#.#..........
#...#..........
....##.#...###
.oo.....#.#
$.#R......#.# .
#<.o.#. # #
#oh..#.. #@5#.#
#........
##.###..# .. .#
... # .... ####.
..


You could see the friendly Sofian the knight, an orc warrior (ally target), 3
orcs, a friendly hound (summoned) and a friendly cerulean imp (summoned).

Vanquished Creatures
  A troll (D:7)
  Sigmund (D:2)
  A steam dragon (D:4)
  An ice beast (D:5)
  A phantom (D:4)
  A scorpion (D:5)
  A crimson imp (D:8)
  A hound (D:4)
  A gnoll bouda (D:4)
  An iguana (D:5)
  7 gnolls
  3 adders
  An ufetubus (D:5)
  A dart slug (D:1)
  7 orcs
  6 ball pythons
  4 bats
  2 endoplasms
  A giant cockroach (D:5)
  3 goblins
  2 hobgoblins
  3 jackals
  2 kobolds
  3 quokkas
  3 frilled lizards
58 creatures vanquished.

Vanquished Creatures (collateral kills)
  An ice beast (D:5)
  A jelly (D:8)
  2 orc priests (D:3)
  An adder (D:4)
  7 gnolls
  2 worms (D:5)
  3 orcs (D:3)
  4 bats (D:1)
  2 endoplasms
  3 goblins
  2 hobgoblins
  2 jackals (D:1)
  A quokka (D:2)
  A frilled lizard (D:1)
  4 kobolds (D:1)
  A rat (D:1)
37 creatures vanquished.

Vanquished Creatures (others)
  An ancestor (D:7)
1 creature vanquished.

Grand Total: 96 creatures vanquished

Notes
Turn   | Place    | Note
-------+----------+-------------------------------------------
     0 | D:1      | inmateoo the Demonspawn Summoner began the quest for the
                  | Orb.
     0 | D:1      | Reached XP level 1. HP: 13/13 MP: 3/3
   124 | D:1      | Found a faded altar of an unknown god.
   212 | D:1      | Gained mutation: You have large cloven feet. [demonic
                  | ancestry]
   212 | D:1      | Reached XP level 2. HP: 5/20 MP: 0/5
   350 | D:1      | Learned a level 2 spell: Call Imp
   530 | D:1      | Reached skill level 1 in Fighting
   641 | D:1      | Reached skill level 1 in Unarmed Combat
  1050 | D:2      | Gained mutation: You are partially covered in sharp spines.
                  | [demonic ancestry]
  1050 | D:2      | Reached XP level 3. HP: 23/26 MP: 3/6
  1150 | D:2      | Noticed Sigmund
  1306 | D:2      | Killed Sigmund
  1307 | D:2      | Reached XP level 4. HP: 18/34 MP: 0/8
  1307 | D:2      | Gained mutation: You have hoof-like feet. [demonic
                  | ancestry]
  1307 | D:2      | Reached XP level 5. HP: 20/39 MP: 0/9
  1390 | D:2      | Learned a level 3 spell: Call Canine Familiar
  1776 | D:2      | Reached XP level 6. HP: 46/46 MP: 7/10
  2239 | D:3      | Found Vorosadi's Book Boutique.
  2290 | D:3      | Found Kejaoh's Armour Shoppe.
  2799 | D:3      | Found a blossoming altar of Fedhas.
  2984 | D:4      | Found a staircase to the Ecumenical Temple.
  2995 | Temple   | Entered the Ecumenical Temple
  3009 | Temple   | Became a worshipper of Hepliaklqana the Forgotten
  3083 | D:4      | Noticed a steam dragon
  3100 | D:4      | Killed a steam dragon
  3101 | D:4      | Reached skill level 5 in Summonings
  3107 | D:4      | Gained mutation: A meltable shield of frost defends you.
                  | (SH +4) [demonic ancestry]
  3107 | D:4      | Reached XP level 7. HP: 20/53 MP: 7/11
  3510 | D:4      | Reached * piety under Hepliaklqana
  3740 | D:4      | Learned a level 4 spell: Summon Lightning Spire
  3750 | D:5      | Entered Level 5 of the Dungeon
  3925 | D:5      | Reached skill level 1 in Air Magic
  4018 | D:5      | You fall into a shaft and drop 3 floors!
  4053 | D:8      | Found Ysuasew's Assorted Antiques.
  4122 | D:7      | Found the +6 shillelagh "Devastator" {shatter}
  4124 | D:7      | Noticed a two-headed ogre
  4125 | D:7      | Noticed a gargoyle
  4126 | D:7      | Noticed a two-headed ogre
  4127 | D:7      | Noticed a two-headed ogre
  4175 | D:8      | Found a burning altar of Makhleb.
  4204 | D:8      | Noticed Gastronok
  4253 | D:7      | Gained mutation: You are partially covered in large bone
                  | plates. (SH +4) [demonic ancestry]
  4253 | D:7      | Reached XP level 8. HP: 31/54 MP: 5/13
  4367 | D:7      | Found Ybbaujer's Weapon Emporium.
  4403 | D:7      | Found a stormy altar of Qazlal.
  4416 | D:7      | Noticed a troll
  4437 | D:7      | Killed a troll
  4438 | D:7      | Reached skill level 5 in Fighting
  4511 | D:7      | Reached ** piety under Hepliaklqana
  4512 | D:7      | Remembered your ancestor Sofian as a knight
  4835 | D:6      | Slain by an orc warrior

Illustrated notes

Levels and vault maps discovered:
D:1:      wander_arrival_fairy_ring, layout_basic, ebering_ecumenical_altar_mist
D:2:      layout_basic, uniq_sigmund
D:3:      layout_loops_cross, mainiacjoe_overflow_alcove_1, serial_shops,
          nicolae_square_shop, nicolae_diamond_shop
D:4:      layout_gridville, minmay_temple_entry_glassed_door,
          kennysheep_generic_room_15
D:5:      layout_basic, portal_sewer_entry_b
D:6:      minmay_diamond_boxcup, layout_basic, serial_shops,
          nicolae_shop_statue_plus
D:7:      layout_gridville, tgw_kikubaaqudgha, old_standard_altar, serial_shops,
          shop_coins, hangedman_decor_opposing, grunt_ministairs_8,
          columned_hall_lemuel, dilly_guarded_unrand_devastator
D:8:      layout_basic, makhleb_grotto_becter, serial_shops,
          nicolae_shop_window_shopping, minivault_21, uniq_gastronok
Temple:   compressed_dpeg_triangle_lava_temple

Skill      XL: |  1  2  3  4  5  6  7  8 |
---------------+-------------------------+-----
Dodging        | 2 3 |  3.6
Fighting       | 1 2 3 4 5 |  5.2
Unarmed Combat | 1 2 3 4 |  4.5
Spellcasting   | 3 |  3.7
Summonings     | 5 |  5.5
Air Magic      | 1 |  1.9
Stealth        | |  1.7

Action                     |  1- 3 |  4- 6 |  7- 9 || total
---------------------------+-------+-------+-------++-------
  Melee: Unarmed           |    79 |    51 |    92 ||   222
         Kick              |    17 |    13 |    20 ||    50
         Punch             |     1 |       |     2 ||     3
   Cast: Summon Small Mamm |    16 |     3 |       ||    19
         Call Imp          |    12 |    18 |    10 ||    40
         Call Canine Famil |       |     7 |    11 ||    18
 Invoke: Recall Ancestor   |       |       |     5 ||     5
         Ancestor Life: Kn |       |       |     1 ||     1
    Use: Scroll            |     4 |     6 |     4 ||    14
         Potion            |       |       |     1 ||     1
   Stab: Sleeping          |     1 |     1 |     1 ||     3
         Distracted        |     1 |       |     1 ||     2
 Armour: Robe              |    23 |     9 |    25 ||    57
  Dodge: Dodged            |    89 |    34 |    38 ||   161
  Block: Other             |       |       |    23 ||    23

Table legend: (Time is in decaauts)
 A = Elapsed time spent in this place.
 B = Non-inter-level travel time spent in this place.
 C = Inter-level travel time spent in this place.
 D = Time resting spent in this place.
 E = Time spent auto-exploring this place.
 F = Levels seen in this place.
 G = Mean time per level.
                   A        B        C        D        E       F      G
               +--------+--------+--------+--------+--------+-----+--------+
         Total |   4831 |   4678 |    153 |    909 |   2363 |   9 |  536.8 |
       Dungeon |   4803 |   4663 |    140 |    909 |   2363 |   8 |  600.4 |
        Temple |     28 |     15 |     13 |      0 |      0 |   1 |   28.0 |
               +--------+--------+--------+--------+--------+-----+--------+

Top non-repeatable levels by time:
     D:2: 1184 daAuts
     D:1: 905 daAuts
     D:3: 846 daAuts
     D:4: 777 daAuts
     D:5: 559 daAuts
     D:7: 329 daAuts
     D:8: 171 daAuts
  Temple: 28 daAuts
     D:6: 28 daAuts
